 Dungeon Crawl Stone Soup version 0.30-a0-857-gcaf70739d4 (webtiles) character file.

Game seed: 16222373881900516025

42997 demibob the Brawler (level 13, -9/83 HPs)
             Began as a Demonspawn Wanderer on Mar 5, 2023.
             Was an Initiate of Gozag.
             Killed from afar by Jorgrun (27 damage)
             ... with a blast of rock fragments
             ... on level 13 of the Dungeon on Mar 6, 2023.
             The game lasted 00:27:30 (16810 turns).

demibob the Brawler (Demonspawn Wanderer)          Turns: 16810, Time: 00:27:31

Health: -9/83      AC: 14    Str: 17    XL:     13   Next: 88%
Magic:  0/13       EV: 17    Int: 12    God:    Gozag
Gold:   2361       SH: 24    Dex: 23    Spells: 12/12 levels left

rFire   + . .      SeeInvis .      - Unarmed
rCold   + . .      Faith    .    m - +5 Storm Queen's Shield {shock, Fly rElec}
rNeg    . . .      Spirit   +    O - +1 swamp dragon scales
rPois   +          Reflect  +    (helmet restricted)
rElec   +          Rampage  .    q - scarf {rC+ rF+}
rCorr   .                        (gloves unavailable)
Will    .....                    o - +0 pair of boots
Stlth   ++++                     y - amulet of reflection
HPRegen 0.33/turn                T - +4 ring of protection
MPRegen 0.26/turn                D - +6 ring of dexterity

@: mighty, grasped by roots, flying, constricted
A: claws 3, thin skeletal structure 2, magic shield, magic regeneration,
antennae 1, talons 1, weak 1
a: Renounce Religion, Potion Petition, Call Merchant, Bribe Branch


You were on level 13 of the Dungeon.
You worshipped Gozag.
Gozag was most pleased with you.
You visited 2 branches of the dungeon, and saw 18 of its levels.

You collected 5156 gold pieces.
You spent 1362 gold pieces at shops.
You paid 1433 gold pieces to Gozag.


Innate Abilities, Weirdness & Mutations

You have claws for hands.
You have a moderately thin skeletal structure. (Dex +4, Stealth++)
When hurt, damage is shared between your health and your magic reserves.
You regenerate magic rapidly.
You have a pair of small antennae on your head.
You have sharp toenails.
You are weak. (Str -2)


   Skills:
 + Level 2.1 Fighting
 - Level 3.4 Armour
 - Level 13.4 Dodging
 - Level 1.0 Stealth
 + Level 13.5 Shields
 * Level 15.0 Unarmed Combat
 - Level 1.2 Invocations


You had 12 spell levels left.
You didn't know any spells.
Your spell library contained the following spells:

 Spells                   Type           Power      Damage    Failure   Level
 Magic Dart               Conj           0%         1d3       75%         1
 Slow                     Hex            0%         N/A       75%         1
 Sting                    Tmut/Pois      0%         1d3       75%         1
 Call Imp                 Summ           0%         N/A       86%         2
 Poisonous Vapours        Pois/Air       0%         N/A       86%         2
 Sublimation of Blood     Necr           0%         N/A       86%         2
 Confusing Touch          Hex            0%         N/A       98%         3
 Mephitic Cloud           Conj/Pois/Air  0%         N/A       98%         3
 Vampiric Draining        Necr           0%         2d6       98%         3
 Airstrike                Air            0%         2d(0-16)  100%        4
 Olgreb's Toxic Radiance  Pois           0%         N/A       100%        4
 Petrify                  Tmut/Erth      0%         N/A       100%        4
 Summon Lightning Spire   Summ/Air       0%         N/A       100%        4
 Irradiate                Conj/Tmut      0%         3d11      100%        5
 Lightning Bolt           Conj/Air       0%         1d11      100%        5
 Metabolic Englaciation   Hex/Ice        0%         N/A       100%        5
 Statue Form              Tmut/Erth      0%         N/A       100%        6

Inventory:

Missiles
 h - 4 curare-tipped darts {=f}
 l - a throwing net {=f}
Armour
 f - +0 fire dragon scales
 m - the +5 Storm Queen's Shield (worn) {shock, Fly rElec}
   (You bought it in a shop on level 6 of the Dungeon)

   Shock:     When it blocks an attack, it may electrocute the attacker.
   This works even against foes who are a short distance away.
   rElec:     It insulates you from electricity.
   Fly:       It grants you flight.
 o - a +0 pair of boots (worn)
 q - a scarf of resistance (worn)
 x - a scarf of repulsion
 O - +1 swamp dragon scales (worn)
Jewellery
 d - a +6 ring of dexterity
 e - the ring of Omott {Ice rElec rPois Will++ Dex-5}
   (You found it on level 1 of the Lair of Beasts)

   [ring of ice]

   It enhances your ice magic.
   Dex:       It affects your dexterity (-5).
   rF:        It makes you vulnerable to fire.
   rC:        It protects you from cold.
   rElec:     It insulates you from electricity.
   rPois:     It protects you from poison.
   Will:      It greatly increases your willpower.
 j - an amulet of the acrobat
 v - a ring of see invisible
 y - an amulet of reflection (around neck)
 C - a ring of ice
 D - a +6 ring of dexterity (right claw)
 M - a ring of magical power
 N - a ring of positive energy
 R - a ring of resist corrosion
 T - a +4 ring of protection (left claw)
Wands
 g - a wand of polymorph (2)
 k - a wand of charming (23)
 s - a wand of flame (37)
 t - a wand of digging (5)
 u - a wand of roots (18)
Scrolls
 b - 11 scrolls of teleportation {@r2}
 p - 4 scrolls of enchant weapon
 w - 4 scrolls of poison
 B - 2 scrolls of amnesia
 G - 2 scrolls of magic mapping
 P - 2 scrolls of fog
 Q - 3 scrolls of identify {@r1}
 S - 3 scrolls of summoning
Potions
 c - a potion of brilliance
 i - 3 potions of lignification
 n - 2 potions of might
 r - 4 potions of ambrosia
 z - 4 potions of curing {@q1}
 A - 2 potions of degeneration {unknown}
 E - 2 potions of attraction {unknown}
 F - a potion of magic {unknown}
 H - 2 potions of haste {unknown}
 J - a potion of experience {unknown}
 K - a potion of resistance {unknown}
 L - a potion of invisibility {unknown}
Miscellaneous
 I - a piece from Xom's chessboard (15/15)

Dungeon Overview and Level Annotations

Branches:
Dungeon (13/15)            Temple (0/1) D:5            Lair (5/5) D:8
  Swamp (0/4) Lair:3        Snake (0/4) Lair:2          Orc (0/2) D:12
 Vaults (0/5) D:13
  Slime: Lair:4-5

Altars:
Gozag
Hepliaklqana
Kikubaaqudgha
Nemelex Xobeh
Sif Muna
Vehumet
Wu Jian
Xom
Yredelemnul

Shops:
D:4 :   D:6 [   D:8 *

Portals:
Abyss: D:6
Trove: D:12 (give 2 scrolls of acquirement)

Annotations:
D:6 2 transporters, ragingrage's ghost, novice FeWn
D:11 1 runed translucent door, bmack86's ghost, journeyman MiFi
D:12 6 transporters
D:13 Jorgrun
Lair:3 1 runed translucent door
Lair:4 3 runed translucent doors, oldriver's ghost, journeyman MeHu

.# ▒▒▒▒▒▒▒.+ ▒.....▒.# ▒.....▒.#
▒.....▒.# # ▒.....▒.##
+.▒▒▒▒'▒▒g.# +# #.......@.# ##.#
####'####### #..# #######
#.......# ###.##### ......#
#########'######........
......####..........#............
.....<##.'..........'.###........
......##.#..........### #........
......##.#..........# #........
......'..#..........# #........


You could see Jorgrun.


Message History

Jorgrun is heavily wounded.
You mangle Jorgrun!!
Jorgrun is severely wounded.
You block Jorgrun's attack.
Your shield discharges, shocking Jorgrun!
You barely miss Jorgrun.
Jorgrun is almost dead.
Jorgrun points at you and mumbles some strange words.
Roots burst forth from the earth!
The grasping roots grab you! The grasping roots constrict you.
* * * LOW HITPOINT WARNING * * *
You miss Jorgrun.
Jorgrun is almost dead.
You scratch Jorgrun.
Jorgrun is almost dead.
You block Jorgrun's attack. The grasping roots constrict you!
* * * LOW HITPOINT WARNING * * *
You closely miss Jorgrun.
Jorgrun is almost dead.
You block Jorgrun's attack. The grasping roots constrict you!
* * * LOW HITPOINT WARNING * * *
You barely miss Jorgrun.
Jorgrun is almost dead.
You barely miss Jorgrun.
Jorgrun is almost dead.
Jorgrun casts a spell next to you.
The wall shatters!
The blast of rock fragments hits you!!
You die...
Your body crumbles into a pile of gold.

Skill      XL: |  1  2  3  4  5  6  7  8  9 10 11 12 13 |
---------------+----------------------------------------+-----
Shields        | 2 3 4 5 6 8 9 11 13 | 13.5
Unarmed Combat | 4 5 6 7 9 11 12 14 15 | 15.0
Fighting       | 2 |  2.1
Armour         | 3 |  3.4
Dodging        | 2 9 13 | 13.4
Stealth        | |  1.0
Invocations    | |  1.2

Action                     |  1- 3 |  4- 6 |  7- 9 | 10-12 | 13-15 || total
---------------------------+-------+-------+-------+-------+-------++-------
  Melee: Unarmed           |   113 |   169 |   300 |   502 |   291 ||  1375
         Kick              |     4 |    31 |    38 |       |       ||    73
 Invoke: Call Merchant     |       |       |     1 |     1 |       ||     2
         Potion Petition   |       |       |     1 |       |       ||     1
  Evoke: Wand              |       |       |    12 |    17 |       ||    29
    Use: Scroll            |     4 |     5 |     8 |     9 |     3 ||    29
         Potion            |     2 |     4 |     1 |     1 |     7 ||    15
   Stab: Distracted        |       |     1 |       |     7 |       ||     8
         Invisible         |       |       |     6 |       |       ||     6
         Sleeping          |       |       |     1 |    23 |     8 ||    32
 Armour: Ring mail         |    49 |       |       |       |       ||    49
         Chain mail        |       |    96 |    63 |       |       ||   159
         Swamp dragon scal |       |       |    63 |    80 |    17 ||   160
  Dodge: Dodged            |    51 |    37 |   112 |   128 |    68 ||   396
  Block: Buckler           |    17 |    27 |    70 |    22 |       ||   136
         Kite shield       |       |       |       |   334 |   238 ||   572
         Reflection        |       |       |       |       |     5 ||     5

Levels and vault maps discovered:
D:1:      dpeg_arrival_pits, layout_basic, st_stairs_8
D:2:      layout_basic, minmay_circle_x, uniq_crazy_yiuf_cottage, uniq_terence
D:3:      layout_loops_ring, mainiacjoe_overflow_tiny_flanked
D:4:      layout_loops_ring, grunt_temple_overflow_magic_moments, serial_shops,
          shop, minmay_liquid_box, minmay_pentomino_pile, uniq_blork_the_orc
D:5:      layout_loops_ring, kennysheep_little_box,
          minmay_temple_entry_antechambers, uniq_duvessa, uniq_prince_ribbit1,
          uniq_ijyb
D:6:      layout_basic, gammafunk_ghost_abyssal_escape,
          minmay_fractal_squares_5, uniq_maggie, uniq_edmund
D:7:      layout_basic, nicolae_overflow_crystal_walls,
          lemuel_coloured_pillars_altar
D:8:      layout_basic, lemuel_doored_altar, nzn_wu_jian_council_hall,
          david_lair_generic
D:9:      layout_loops_ring, mainiacjoe_overflow_alcove_1, kennysheep_doodads,
          grunt_ministairs_4, uniq_maurice
D:10:     layout_cave_pools, mainiacjoe_overflow_small_starburst,
          tso_metal_star, minmay_diced_spiral
D:11:     layout_gridville, ebering_ghost_xom, grunt_tough_drop, uniq_lodul
D:12:     layout_basic, orc_david_3, enter_trove_3, serial_nicolae_subway,
          nicolae_sub_station_metal, nicolae_sub_station_stone,
          nicolae_sub_station_crystal
D:13:     layout_roguey, david_vaults_5, uniq_josephine, uniq_azrael,
          uniq_frances, uniq_jorgrun
Lair:1:   layout_cave_pods
Lair:2:   layout_misc_corridors, guppyfry_snake_entry_garden, grunt_megastairs_4
Lair:3:   layout_concentric_octagons, minmay_swamp_entry_worms, pf_torpor_hydra,
          lemuel_fruit_tree
Lair:4:   layout_regular_city, maelrawn_ghost_gauntlet_escape,
          beast_lair_carwin_1
Lair:5:   grunt_lair_end_beastmaster, layout_hall_layers, slime_entry_1

Notes
Turn   | Place    | Note
-------+----------+-------------------------------------------
     0 | D:1      | demibob the Demonspawn Wanderer began the quest for the
                  | Orb.
     0 | D:1      | demibob set off with the following items: a +0 club, a
                  | scroll of teleportation {@r2}, a +0 ring mail, a scroll of
                  | fear, a +0 buckler of protection.
     0 | D:1      | Reached XP level 1. HP: 15/15 MP: 1/1
   116 | D:1      | Reached skill level 2 in Shields
   175 | D:1      | Gained mutation: You have sharp fingernails. [demonic
                  | ancestry]
   175 | D:1      | Reached XP level 2. HP: 21/21 MP: 2/2
   183 | D:1      | Reached skill level 4 in Unarmed Combat
   591 | D:1      | Gained mutation: You regenerate magic rapidly. [demonic
                  | ancestry]
   591 | D:1      | Reached XP level 3. HP: 20/26 MP: 3/3
  1164 | D:2      | Found a runed translucent door.
  1165 | D:2      | Noticed Crazy Yiuf
  1213 | D:2      | Noticed Terence
  1224 | D:2      | Gained mutation: You have sharp toenails. [potion of
                  | mutation]
  1224 | D:2      | Gained mutation: You are weak. (Str -2) [potion of
                  | mutation]
  1224 | D:2      | Gained mutation: You have a pair of small antennae on your
                  | head. [potion of mutation]
  1351 | D:2      | Killed Terence
  1352 | D:2      | Reached XP level 4. HP: 14/32 MP: 4/4
  1822 | D:2      | Killed Crazy Yiuf
  1823 | D:2      | Reached skill level 5 in Unarmed Combat
  1962 | D:3      | Reached skill level 3 in Shields
  1990 | D:3      | Reached XP level 5. HP: 34/37 MP: 5/5
  2058 | D:3      | Found an opulent altar of Gozag.
  2070 | D:3      | Became a worshipper of Gozag Ym Sagoz the Greedy
  2326 | D:3      | Noticed a black bear
  2332 | D:3      | Killed a black bear
  2333 | D:3      | Reached skill level 6 in Unarmed Combat
  2333 | D:3      | Reached XP level 6. HP: 31/43 MP: 6/6
  2739 | D:4      | Noticed Blork the orc
  2746 | D:4      | Killed Blork the orc
  2793 | D:4      | Found Saic Kagh's Book Shop.
  2822 | D:4      | Reached skill level 4 in Shields
  3214 | D:4      | Gained mutation: You have very sharp fingernails. [demonic
                  | ancestry]
  3214 | D:4      | Reached XP level 7. HP: 45/48 MP: 7/7
  3286 | D:4      | Found a radiant altar of Vehumet.
  3292 | D:4      | Got Vehumet's Book of Conjuring
  3294 | D:4      | Found an ancient bone altar of Kikubaaqudgha.
  3295 | D:4      | Found a shimmering blue altar of Sif Muna.
  3501 | D:5      | Entered Level 5 of the Dungeon
  3559 | D:5      | Reached skill level 7 in Unarmed Combat
  3798 | D:5      | Noticed Prince Ribbit
  3808 | D:5      | Killed Prince Ribbit
  3809 | D:5      | Reached skill level 5 in Shields
  3864 | D:5      | Gained mutation: You have a somewhat thin skeletal
                  | structure. (Dex +2, Stealth+) [demonic ancestry]
  3864 | D:5      | Reached XP level 8. HP: 51/54 MP: 8/8
  3973 | D:5      | Reached skill level 8 in Unarmed Combat
  4155 | D:5      | Found a shimmering altar of Xom.
  4250 | D:5      | Noticed Dowan
  4253 | D:5      | Noticed Duvessa
  4259 | D:5      | Killed Duvessa
  4261 | D:5      | Killed Dowan
  4363 | D:5      | Found a staircase to the Ecumenical Temple.
  4395 | D:5      | Noticed Ijyb
  4405 | D:5      | Killed Ijyb
  4406 | D:5      | Reached skill level 2 in Fighting
  4647 | D:6      | Found a transporter.
  4650 | D:6      | Found a one-way gate to the infinite horrors of the Abyss.
  4650 | D:6      | Noticed ragingrage's ghost (novice FeWn)
  4664 | D:6      | Noticed a green ugly thing
  4666 | D:6      | Found a transporter.
  4731 | D:6      | Reached skill level 2 in Armour
  4743 | D:6      | Noticed Edmund
  4753 | D:6      | Killed Edmund
  4754 | D:6      | Reached skill level 1 in Dodging
  4908 | D:6      | Reached skill level 3 in Armour
  4908 | D:6      | Reached skill level 2 in Dodging
  4908 | D:6      | Reached skill level 9 in Unarmed Combat
  4909 | D:6      | Noticed Maggie
  4930 | D:6      | Killed Maggie
  4931 | D:6      | Gained mutation: When hurt, damage is shared between your
                  | health and your magic reserves. [demonic ancestry]
  4931 | D:6      | Reached XP level 9. HP: 37/61 MP: 9/9
  5448 | D:7      | Identified the +3 spear of Change {flame, rF+}
  5726 | D:7      | Identified a scarf of resistance
  5840 | D:7      | Reached skill level 10 in Unarmed Combat
  5914 | D:7      | Found a hazy altar of Hepliaklqana.
  5984 | D:8      | Identified the +6 flail of Propriety {protect, rElec rN+
                  | Str+5 Dex-3}
  6209 | D:8      | Found an ornate altar of the Wu Jian Council.
  6271 | D:8      | Found a basalt altar of Yredelemnul.
  6313 | D:8      | Reached skill level 6 in Shields
  6597 | D:8      | Noticed an elephant
  6598 | D:8      | Found a staircase to the Lair.
  6617 | D:8      | Reached skill level 11 in Unarmed Combat
  6662 | D:8      | Killed an elephant
  6663 | D:8      | Gained mutation: You have claws for hands. [demonic
                  | ancestry]
  6663 | D:8      | Reached XP level 10. HP: 39/67 MP: 6/10
  7346 | D:9      | Noticed a two-headed ogre
  7353 | D:9      | Killed a two-headed ogre
  7354 | D:9      | Reached skill level 7 in Shields
  7387 | D:9      | Noticed Maurice
  7397 | D:9      | Killed Maurice
  7547 | D:9      | Noticed a cyclops
  7705 | D:9      | Noticed a manticore
  7719 | D:9      | Killed a manticore
  7923 | D:9      | Reached skill level 12 in Unarmed Combat
  8206 | Lair:1   | Entered Level 1 of the Lair of Beasts
  8227 | Lair:1   | Noticed an elephant
  8230 | Lair:1   | Noticed an elephant
  8230 | Lair:1   | Noticed an elephant
  8237 | Lair:1   | Noticed an elephant
  8238 | Lair:1   | Noticed an elephant
  8242 | Lair:1   | Killed an elephant
  8250 | Lair:1   | Killed an elephant
  8258 | Lair:1   | Killed an elephant
  8262 | Lair:1   | Killed an elephant
  8263 | Lair:1   | Reached skill level 8 in Shields
  8271 | Lair:1   | Killed an elephant
  8338 | D:6      | Bought the +5 Storm Queen's Shield {shock, Fly rElec} for
                  | 912 gold pieces
  8338 | D:6      | Found the +5 Storm Queen's Shield {shock, Fly rElec}
  8571 | Lair:1   | Identified the ring of Omott {Ice rElec rPois Will++ Dex-5}
  8644 | Lair:1   | Gained mutation: You have a moderately thin skeletal
                  | structure. (Dex +4, Stealth++) [demonic ancestry]
  8644 | Lair:1   | Reached XP level 11. HP: 72/72 MP: 11/11
  8646 | Lair:1   | Reached skill level 13 in Unarmed Combat
  9136 | Lair:1   | Reached skill level 9 in Shields
  9456 | Lair:2   | Reached skill level 14 in Unarmed Combat
  9456 | Lair:2   | Found a staircase to the Snake Pit.
 10491 | Lair:3   | Noticed a catoblepas
 10510 | Lair:3   | Killed a catoblepas
 10511 | Lair:3   | Reached XP level 12. HP: 41/78 MP: 5/12
 10766 | Lair:3   | Found a staircase to the Swamp.
 10776 | Lair:3   | Reached skill level 10 in Shields
 10862 | Lair:3   | Reached skill level 15 in Unarmed Combat
 10966 | Lair:3   | Found a runed translucent door.
 11180 | Lair:3   | Noticed a six-headed hydra
 11186 | Lair:3   | Identified 2 scrolls of acquirement
 11186 | Lair:3   | Acquired 705 gold pieces
 11187 | Lair:3   | Acquired a manual of Dodging
 11364 | D:8      | Bought an amulet of reflection for 450 gold pieces
 11455 | Lair:4   | Reached skill level 3 in Dodging
 11512 | Lair:4   | Reached skill level 4 in Dodging
 11671 | Lair:4   | Reached skill level 5 in Dodging
 11820 | Lair:4   | Reached skill level 6 in Dodging
 11845 | Lair:4   | Noticed oldriver's ghost (journeyman MeHu)
 11847 | Lair:4   | Identified the +1 robe of the Equator {Str+6}
 11848 | Lair:4   | Noticed a minotaur
 12017 | Lair:4   | Reached skill level 7 in Dodging
 12017 | Lair:4   | Reached skill level 11 in Shields
 12043 | Lair:4   | Found a runed translucent gate.
 12043 | Lair:4   | Found a runed translucent gate.
 12043 | Lair:4   | Found a runed translucent gate.
 12052 | Lair:4   | Noticed a catoblepas
 12059 | Lair:4   | Killed a catoblepas
 12370 | Lair:5   | Entered Level 5 of the Lair of Beasts
 12370 | Lair:5   | Noticed a death yak
 12370 | Lair:5   | Noticed a death yak
 12418 | Lair:5   | Noticed a death yak
 12427 | Lair:5   | Killed a death yak
 12431 | Lair:5   | Noticed a four-headed hydra
 12437 | Lair:5   | Reached skill level 8 in Dodging
 12447 | Lair:5   | Killed a ten-headed hydra
 13363 | D:10     | Entered Level 10 of the Dungeon
 13363 | D:10     | Found a sparkling altar of Nemelex Xobeh.
 13447 | D:10     | Reached skill level 9 in Dodging
 13731 | D:10     | Noticed a two-headed ogre
 13733 | D:10     | Noticed a two-headed ogre
 13733 | D:10     | Noticed a two-headed ogre
 13744 | D:10     | Killed a two-headed ogre
 13748 | D:10     | Killed a two-headed ogre
 13749 | D:10     | Reached XP level 13. HP: 71/83 MP: 13/13
 13755 | D:10     | Reached skill level 12 in Shields
 13902 | D:10     | Reached skill level 10 in Dodging
 14205 | D:11     | Noticed Lodul
 14226 | D:11     | Killed Lodul
 14602 | D:11     | Reached skill level 11 in Dodging
 15247 | D:11     | Found a runed translucent door.
 15248 | D:11     | Found a shimmering altar of Xom.
 15248 | D:11     | Noticed bmack86's ghost (journeyman MiFi)
 15546 | D:12     | Found a staircase to the Orcish Mines.
 15610 | D:12     | Found a transporter.
 15612 | D:12     | Found a transporter.
 15756 | D:12     | Reached skill level 12 in Dodging
 15799 | D:12     | Found a transporter.
 15815 | D:12     | Found a transporter.
 16120 | D:12     | Reached skill level 13 in Shields
 16200 | D:12     | Found a transporter.
 16204 | D:12     | Found a transporter.
 16363 | D:12     | Found a portal to a secret trove of treasure.
 16464 | D:13     | Identified the +6 trident of Moral Flaws {freeze, rN+}
 16533 | D:13     | Reached skill level 13 in Dodging
 16579 | D:13     | Found a gate to the Vaults.
 16630 | D:13     | Noticed Josephine
 16655 | D:13     | Killed Josephine
 16787 | D:13     | Noticed Jorgrun
 16810 | D:13     | Killed from afar by Jorgrun

Vanquished Creatures
  Josephine (D:13)
  A vault guard (D:13)
  2 ogre magi
  A hydra (Lair:5)
  A death knight (D:11)
  2 catoblepae
  5 two-headed ogres
  A boulder beetle (D:12)
  A centaur warrior (D:13)
  A death yak (Lair:5)
  Lodul (D:11)
  2 deep elf pyromancers (D:11)
  A wolf spider (D:11)
  An ugly thing (D:12)
  2 cyclopes
  2 manticores
  Maurice (D:9)
  12 elephants
  A black mamba (Lair:4)
  2 torpor snails
  A gargoyle (D:12)
  5 cane toads
  Maggie (D:6)
  4 rime drakes
  3 kobold demonologists
  An unseen horror (D:12)
  6 komodo dragons
  2 trolls (D:12)
  Prince Ribbit (D:5)
  7 blink frogs
  4 shadows
  A wyvern (Lair:3)
  A vampire (D:10)
  8 wraiths
  38 yaks
  2 basilisks (D:8)
  A steam dragon (D:9)
  11 vampire mosquitoes
  2 swamp worms (Lair:3)
  Edmund (D:6)
  3 nagas (Lair:2)
  4 acid dragons
  Duvessa (D:5)
  3 water moccasins
  9 orc warriors
  4 black bears
  2 ice beasts
  9 ogres
  19 wolves
  3 centaurs
  3 kobold brigands
  Blork the orc (D:4)
  4 bullfrogs
  2 scorpions
  3 wights (D:7)
  Dowan (D:5)
  10 killer bees
  3 howler monkeys
  Crazy Yiuf (D:2)
  3 orc priests
  2 hounds (D:6)
  2 gnoll boudas
  3 iguanas (D:6)
  2 jellies
  Ijyb (D:5)
  Terence (D:2)
  A sleepcap (D:6)
  9 orc wizards
  9 adders
  6 gnolls
  An ufetubus (D:6)
  2 worms
  4 dart slugs
  39 orcs
  6 endoplasms
  7 giant cockroaches
  8 goblins
  11 hobgoblins
  3 jackals (D:3)
  3 quokkas
  8 ball pythons
  3 bats (D:1)
  5 frilled lizards
  16 kobolds
  4 rats
385 creatures vanquished.

Vanquished Creatures (others)
  An orc (D:4)
  18 fungi
  25 plants
44 creatures vanquished.

Grand Total: 429 creatures vanquished

Table legend: (Time is in decaauts)
 A = Elapsed time spent in this place.
 B = Non-inter-level travel time spent in this place.
 C = Inter-level travel time spent in this place.
 D = Time resting spent in this place.
 E = Time spent auto-exploring this place.
 F = Levels seen in this place.
 G = Mean time per level.
                   A        B        C        D        E       F      G
               +--------+--------+--------+--------+--------+-----+--------+
         Total |  16680 |  15654 |   1026 |   1660 |  11318 |  18 |  926.7 |
       Dungeon |  12344 |  11686 |    658 |   1418 |   8272 |  13 |  949.5 |
          Lair |   4336 |   3969 |    367 |    242 |   3046 |   5 |  867.2 |
               +--------+--------+--------+--------+--------+-----+--------+

Top non-repeatable levels by time:
     D:8: 1533 daAuts
     D:9: 1433 daAuts
    D:11: 1333 daAuts
  Lair:1: 1171 daAuts
  Lair:3: 1165 daAuts
     D:5: 1140 daAuts
     D:1: 1043 daAuts
  Lair:4: 1027 daAuts
     D:4: 913 daAuts
    D:12: 911 daAuts
     D:2: 907 daAuts
     D:6: 807 daAuts
  Lair:2: 784 daAuts
    D:10: 738 daAuts
     D:3: 631 daAuts

Table legend:
 A = Non-vault XP
 B = Vault XP
 C = Vault XP percentage of total XP
 D = Non-vault monster count
 E = Vault monster count
 F = Vault count percentage of total count
                 A         B        C        D         E       F
            +---------+---------+-------+---------+---------+-------
      Total |   41209 |   20216 |  32.9 |     304 |      82 |  21.2
            +---------+---------+-------+---------+---------+-------
        D:1 |      46 |       3 |   6.1 |      24 |       2 |   7.7
        D:2 |      43 |      82 |  65.6 |      16 |       3 |  15.8
        D:3 |     266 |       0 |   0.0 |      28 |       0 |   0.0
        D:4 |     230 |     114 |  33.1 |      20 |       5 |  20.0
        D:5 |     505 |     533 |  51.3 |      14 |       4 |  22.2
        D:6 |     355 |     926 |  72.3 |      11 |       8 |  42.1
        D:7 |     825 |       0 |   0.0 |      18 |       0 |   0.0
        D:8 |     978 |    1046 |  51.7 |      21 |       4 |  16.0
        D:9 |    2485 |     910 |  26.8 |      15 |       6 |  28.6
       D:10 |    2096 |    3131 |  59.9 |      15 |       6 |  28.6
       D:11 |    3920 |    5312 |  57.5 |      26 |      14 |  35.0
       D:12 |    4687 |     531 |  10.2 |      16 |       6 |  27.3
       D:13 |    1710 |    5044 |  74.7 |       3 |      10 |  76.9
     Lair:1 |    8412 |       0 |   0.0 |      26 |       0 |   0.0
     Lair:2 |    2870 |     698 |  19.6 |      14 |       5 |  26.3
     Lair:3 |    3362 |     329 |   8.9 |      11 |       2 |  15.4
     Lair:4 |    5883 |    1557 |  20.9 |      22 |       7 |  24.1
     Lair:5 |    2536 |       0 |   0.0 |       4 |       0 |   0.0
            +---------+---------+-------+---------+---------+-------
